 Dungeon Crawl Stone Soup version 0.30-a0-137-gd8773701ce (webtiles) character file.

Game seed: 9441429033216557601

1 ytrimaz the Trooper (level 1, 1/18 HPs)
             Began as a Demonspawn Fighter on Sept 22, 2022.
             Quit the game on level 1 of the Dungeon.
             The game lasted 00:00:16 (23 turns).

ytrimaz the Trooper (Demonspawn Fighter)              Turns: 23, Time: 00:00:16

Health: 1/18       AC:  6    Str: 16    XL:     1   Next: 16%
Magic:  1/1        EV:  8    Int:  9    God:
Gold:   0          SH:  4    Dex: 12    Spells: 0/0 levels left

rFire   . . .      SeeInvis .    a - +0 war axe
rCold   . . .      Faith    .    c - +0 buckler
rNeg    . . .      Spirit   .    b - +0 scale mail
rPois   .          Reflect  .    (no helmet)
rElec   .          Harm     .    (no cloak)
rCorr   .          Rampage  .    (no gloves)
Will    .....                    (no boots)
Stlth   ..........               (no amulet)
HPRegen 0.06/turn                (no ring)
MPRegen 0.07/turn                (no ring)

@: mighty, lethally poisoned (1 -> -23)
A: no striking features
a: no special abilities


You were on level 1 of the Dungeon.
You visited 1 branch of the dungeon, and saw 1 of its levels.


   Skills:
 + Level 3.0 Fighting
 * Level 1.8 Axes
 - Level 2.6 Armour
 - Level 2.6 Shields


You couldn't memorise any spells.
You didn't know any spells.
Your spell library was empty.

Inventory:

Hand Weapons
 a - a +0 war axe (weapon)
Armour
 b - a +0 scale mail (worn)
 c - a +0 buckler (worn)

Dungeon Overview and Level Annotations

Branches:
Dungeon (1/15) Zot: 5975

Altars:

.....># #..######.
...##.# ##........
#######.####.#######
.............#
#######.######
#.....# #.....#
...####.....###
#.....@........
##...g...#.####
#.......+...
#.......#.###
#........#.#
...#......#
..###....## #.
#....#


You could see a goblin.


Message History

🤖 Initializing magus.rc ...
Options error: Delay interrupt name "hungry" not recognised. (~/.crawlrc:4375) Options error: Bad monster_list_colour key: strict_neutral (~/.crawlrc:4390) Bad channel name for runrest: 'pray:' ✅ Successfully initialized magus.rc [v1.9.6] Welcome, ytrimaz the Demonspawn Fighter.
It is said that the Orb of Zot exists deep within this dungeon.
Press ? for a list of commands and other information.
Found a short sword.
Found a staircase leading out of the dungeon.
Found a stone staircase leading down.
A goblin comes into view. It is wielding a +2 dagger of venom.
A goblin is nearby!
A goblin is nearby!
A quokka comes into view.
There are monsters nearby!
The goblin hits you with a +2 dagger of venom.
You are poisoned. 😕 HP[-2]
You take 2 damage, and now have 16/18 hp.
You closely miss the goblin.
You feel sick.
The goblin hits you with a +2 dagger of venom.
You are lethally poisoned! 😮 HP[-3]
You take 3 damage, and now have 13/18 hp.
You barely miss the goblin.
* * * LOW HITPOINT WARNING * * *
You feel very sick. The goblin barely misses you.
The quokka bites you but does no damage. 😨 HP[-4]
You take 4 damage, and now have 9/18 hp.
MASSIVE DAMAGE!! (PAUSE)
You feel very mighty all of a sudden.
* * * LOW HITPOINT WARNING * * *
You feel sick. The goblin hits you but does no damage.
You are more poisoned.
The quokka bites you but does no damage. 😨 HP[-2]
You take 2 damage, and now have 7/18 hp.
You barely miss the goblin. You hit the quokka.
You kill the quokka!
* * * LOW HITPOINT WARNING * * *
You feel very sick. The goblin hits you but does no damage.
You are more poisoned.
The goblin barely misses you. 😱 HP[-6]
You take 6 damage, and now have 1/18 hp.
MASSIVE DAMAGE!! (PAUSE) Unknown command.
Unknown command.
Unknown command.
Are you sure you want to abandon this character and quit the game? (Confirm with "yes".)

Action                   || total
-------------------------++-------
Melee: War axe           ||     3
  Use: Potion            ||     1
Armor: Scale mail        ||     4
Dodge: Dodged            ||     2

Levels and vault maps discovered:
D:1:      dpeg_arrival_lava_altar, layout_basic, minmay_ruptured

Notes
Turn   | Place    | Note
-------+----------+-------------------------------------------
     0 | D:1      | ytrimaz the Demonspawn Fighter began the quest for the Orb.
     0 | D:1      | Reached XP level 1. HP: 18/18 MP: 1/1
     0 | D:1      | magus.rc [v1.9.6]
    22 | D:1      | HP: 1/18 [poisoned by a goblin]
    23 | D:1      | Quit the game

Vanquished Creatures
  A quokka (D:1)
1 creature vanquished.

Table legend:
 A = Non-vault XP
 B = Vault XP
 C = Vault XP percentage of total XP
 D = Non-vault monster count
 E = Vault monster count
 F = Vault count percentage of total count
                 A         B        C        D         E       F
            +---------+---------+-------+---------+---------+-------
      Total |       2 |       0 |   0.0 |       1 |       0 |   0.0
            +---------+---------+-------+---------+---------+-------
        D:1 |       2 |       0 |   0.0 |       1 |       0 |   0.0
            +---------+---------+-------+---------+---------+-------

Illustrated notes

Table legend:
 A = Kills in this place as a percentage of kills in entire the game.
 B = Kills by you in this place as a percentage of kills by you in the entire game.
 C = Kills by friends in this place as a percentage of kills by friends in the entire game.
 D = Other kills in this place as a percentage of other kills in the entire game.
 E = Experience gained in this place as a percentage of experience gained in the entire game.
 F = Experience gained in this place divided by the number of levels of this place that you have seen.
                   A       B       C       D       E      F
               +-------+-------+-------+-------+-------+----------------------
         Total | 100.0 | 100.0 |   N/A |   N/A | 100.0 |   2.0
       Dungeon | 100.0 | 100.0 |   N/A |   N/A | 100.0 |   2.0
               +-------+-------+-------+-------+-------+----------------------

Table legend: (Time is in decaauts)
 A = Elapsed time spent in this place.
 B = Non-inter-level travel time spent in this place.
 C = Inter-level travel time spent in this place.
 D = Time resting spent in this place.
 E = Time spent auto-exploring this place.
 F = Levels seen in this place.
 G = Mean time per level.
                   A        B        C        D        E       F      G
               +--------+--------+--------+--------+--------+-----+--------+
         Total |     24 |     24 |      0 |      0 |     14 |   1 |   24.0 |
       Dungeon |     24 |     24 |      0 |      0 |     14 |   1 |   24.0 |
               +--------+--------+--------+--------+--------+-----+--------+

Top non-repeatable levels by time:
     D:1: 24 daAuts
